 Dungeon Crawl Stone Soup version 0.27.1-35-g4d5d836560 (webtiles) character file.

Game seed: 17466798009377896968

102 Delamore the Sneak (level 4, -1/29 HPs)
             Began as an Octopode Brigand on Mar 8, 2022.
             Slain by a river rat (3 damage)
             ... in a sewer.
             The game lasted 00:02:50 (1464 turns).

Delamore the Sneak (Octopode Brigand)               Turns: 1464, Time: 00:02:51

Health: -1/29      AC:  1    Str: 10    XL:     4   Next: 77%
Magic:  4/4        EV: 12    Int: 13    God:
Gold:   62         SH:  0    Dex: 14    Spells: 3/3 levels left

rFire    . . .     SeeInvis .   a - +2 dagger
rCold    . . .     Faith    .   (no shield)
rNeg     . . .     Spirit   .   (helmet restricted)
rPois    .         Reflect  .   (no amulet)
rElec    .         Harm     .   (no ring)
rCorr    .         Rampage  .   (no ring)
Will     .....                  (no ring)
Stlth    ++++++....             (no ring)
HPRegen  0.09/turn              (no ring)
MPRegen  0.09/turn              (no ring)
                                (no ring)
                                (no ring)

@: no status effects
A: almost no armour, amphibious, 8 rings, camouflage 1, gelatinous body 1,
nimble swimmer 1, tentacles
a: no special abilities


You were in a sewer.
You visited 1 branch of the dungeon, and saw 3 of its levels.
You also visited: Sewer.

You collected 62 gold pieces.

Inventory:

Hand Weapons
 a - a +2 dagger (weapon)
Missiles
 b - 8 poisoned darts (quivered)
Scrolls
 d - a scroll of fog {unknown}
 e - a scroll of vulnerability
 f - a scroll of holy word


   Skills:
 - Level 2.0 Fighting
 + Level 3.1 Short Blades
 - Level 2.0 Throwing
 - Level 1.0 Dodging
 * Level 7.5 Stealth


You had 3 spell levels left.
You didn't know any spells.
Your spell library was empty.

Dungeon Overview and Level Annotations

Branches:
Dungeon (3/15)              Sewer (1/1)

Altars:
Vehumet


Innate Abilities, Weirdness & Mutations

You cannot wear most types of armour.
You are amphibious.
You can wear up to eight rings at the same time.
Your skin changes colour to match your surroundings (Stealth+).
Your rubbery body absorbs attacks. (AC +1, EV +1)
You are camouflaged near water. (Stealth+)
You have tentacles for arms and can constrict up to eight enemies at once.


Message History

A rat and a river rat come into view.
The helpless rat fails to defend itself.
You impale the rat!!
You kill the rat!
A river rat comes into view.
The river rat bites you.
You barely miss the river rat. You grab the river rat.
You constrict the river rat. The river rat barely misses you.
The river rat bites you.
You hit the river rat but do no damage. You squeeze the river rat.
The river rat is moderately wounded.
You constrict the river rat, but do no damage.
The river rat misses you. The river rat bites you!
You barely miss the river rat.
The river rat is moderately wounded.
You constrict the river rat, but do no damage.
You hit the river rat but do no damage.
The river rat is moderately wounded.
You constrict the river rat, but do no damage.
The river rat bites you. The river rat bites you!
* * * LOW HITPOINT WARNING * * *
You are too injured to fight recklessly!
You are too injured to fight recklessly!
You are too injured to fight recklessly!
You are too injured to fight recklessly!
You are too injured to fight recklessly!
You are too injured to fight recklessly!
You are too injured to fight recklessly!
You are too injured to fight recklessly!
You are too injured to fight recklessly!
You are too injured to fight recklessly!
You are too injured to fight recklessly!
You are too injured to fight recklessly!
You release your grip on the river rat.
You aren't carrying any potions.
Okay, then.
As you read the scroll labelled TATOMATUS, it crumbles to dust.
You feel aware of your surroundings.
You sensed 1 shop/portal.
It was a scroll of magic mapping.
The river rat bites you.
You die...

*.#**,* *≈* *#.#,** *,* #..****##
*≈* *#.r*,#.* *≈* **,#r#*.#* *≈*
*,**#r#.# *≈* **,**#r## *≈*
***#.#r## *≈*
**********######@################
≈≈≈≈≈*≈≈,.....≈≈≈≈≈≈..≈..†≈≈.≈.≈≈
≈≈≈≈≈*≈≈,.≈..≈≈..≈.≈≈.≈≈≈≈.≈≈≈...
*********########################


You could see 4 river rats and a rat.

Vanquished Creatures
  3 gnolls (D:3)
  An adder (D:2)
  2 worms (D:2)
  2 dart slugs
  5 orcs (D:3)
  4 bats
  5 endoplasms
  2 giant cockroaches
  4 goblins
  7 hobgoblins
  2 jackals (D:1)
  3 ball pythons
  3 frilled lizards (Sewer)
  A kobold (D:2)
  3 rats
47 creatures vanquished.

Notes
Turn   | Place    | Note
-------+----------+-------------------------------------------
     0 | D:1      | Delamore the Octopode Brigand began the quest for the Orb.
     0 | D:1      | Reached XP level 1. HP: 14/14 MP: 1/1
    98 | D:1      | Reached XP level 2. HP: 19/19 MP: 2/2
   168 | D:1      | Found a faded altar of an unknown god.
   263 | D:1      | Reached skill level 6 in Stealth
   599 | D:1      | Reached XP level 3. HP: 24/24 MP: 3/3
   857 | D:2      | You fall into a shaft and drop 1 floor!
   997 | D:2      | Reached XP level 4. HP: 24/29 MP: 4/4
  1025 | D:2      | Reached skill level 7 in Stealth
  1183 | D:3      | Found a radiant altar of Vehumet.
  1324 | D:3      | Found a glowing drain.
  1337 | Sewer    | Entered a sewer
  1464 | Sewer    | Slain by a river rat

Illustrated notes

Levels and vault maps discovered:
D:1:      shiori_shiawase, layout_loops_ring, basic_ecumenical_altar,
          minmay_misc_feat_square
D:2:      layout_loops_ring, minmay_bisected
D:3:      layout_loops_corners, mainiacjoe_overflow_chevrons,
          cheibrodos_sewer_entry_sluice
Sewer:    sewer_co_cracked_pipes

Skill      XL: |  1  2  3  4 |
---------------+-------------+-----
Stealth        | 6 7 |  7.5
Short Blades   | 3 |  3.1
Fighting       | |  2.0
Throwing       | |  2.0
Dodging        | |  1.0

Action                   |  1- 3 |  4- 6 || total
-------------------------+-------+-------++-------
Melee: Dagger            |    48 |    28 ||    76
       Constrict         |     7 |     7 ||    14
       Tentacles         |     6 |     4 ||    10
Throw: Dart              |       |     2 ||     2
  Use: Scroll            |     2 |     1 ||     3
 Stab: Sleeping          |    16 |     6 ||    22
       Distracted        |       |     1 ||     1
Armor: Skin              |     4 |       ||     4
Dodge: Dodged            |    18 |    10 ||    28
